SNL (28 & UNDER)
MONTGOMERY BISCUITS @ KEY WEST BARRACUDAS
08/30/2024
 
TOP OF THE 1ST
Montgomery Biscuits batting - Pitching for Key West Barracudas : LHP Alfredo González
Pitching: LHP Alfredo González
Batting: RHB Juan Díaz 0-0: Swinging Strike
0-1: Called Strike
0-2: Ball
1-2: Ball
2-2: Strikes out swinging
Batting: SHB Andrew Curran 0-0: Called Strike
0-1: Ball
1-1: Called Strike
1-2: Strikes out looking
Batting: RHB Yujiro Kurihara 0-0: Called Strike
0-1: Ball
1-1: Ball
2-1: Swinging Strike
2-2: Ball
3-2: Base on Balls
Batting: SHB Terry O'Farrell 0-0: Called Strike
0-1: Swinging Strike
0-2: Ball
1-2: Ground out 6-3 (Groundball, 6)
Top of the 1st over - 0 run(s), 0 hit(s), 0 error(s), 1 left on base; Montgomery 0 - Key West 0
BOTTOM OF THE 1ST
Key West Barracudas batting - Pitching for Montgomery Biscuits : RHP César López
Pitching: RHP César López
Batting: RHB Victor Baker Single, Error in OF, E9, batter to second base
Batting: RHB Zander Tremblett 0-0: Called Strike
0-1: Ball
1-1: Called Strike
1-2: Strikes out swinging
Batting: RHB Kenny Cole 0-0: DOUBLE (Flyball, 78XD)
Victor Baker scores
Batting: LHB Arturo López 0-0: Ground out 4-3 (Groundball, 34)
Kenny Cole to third
Batting: RHB Luther Stoffels 0-0: Ball
1-0: Fly out, F8 (Flyball, 89S)
Bottom of the 1st over - 1 run(s), 2 hit(s), 1 error(s), 1 left on base; Montgomery 0 - Key West 1
TOP OF THE 2ND
Montgomery Biscuits batting - Pitching for Key West Barracudas : LHP Alfredo González
Batting: RHB Pete Smith 0-0: Reached on Error, E6 (Line Drive, 6)
Batting: RHB Dave Dawson 0-0: Ball
1-0: Ball
2-0: Called Strike
2-1: Called Strike
2-2: Fly out, F9 (Flyball, 89D)
Batting: LHB José Martínez 0-0: Ball
1-0: Called Strike
1-1: Ball
2-1: Ball
3-1: SINGLE (Groundball, 4MD)
Pete Smith to second
Batting: SHB Tony Echevarría 0-0: DOUBLE (Groundball, 5L)
Pete Smith scores
José Martínez to third
Runner from 3rd tries for Home, SAFE, throw made home
Batting: RHB Peyton Yardley 0-0: Ball
1-0: Called Strike
1-1: Foul Ball, location: 2F
1-2: Ball
2-2: Strikes out looking
Batting: RHB Juan Díaz 0-0: Ball
1-0: Ball
2-0: Fly out, F8 (Flyball, 89XD)
Top of the 2nd over - 2 run(s), 2 hit(s), 1 error(s), 1 left on base; Montgomery 2 - Key West 1
BOTTOM OF THE 2ND
Key West Barracudas batting - Pitching for Montgomery Biscuits : RHP César López
Batting: LHB Domingo Ledesma 0-0: Called Strike
0-1: Foul Ball, location: 2F
0-2: Foul Ball, location: 2F
0-2: Ball
1-2: Foul Ball, location: 2F
1-2: Strikes out looking
Batting: RHB Carlos Miranda 0-0: Ball
1-0: Foul Ball, location: 2F
1-1: Foul Ball, location: 2F
1-2: SINGLE (Line Drive, 34)
Batting: SHB Héctor Jiménez Pickoff Throw to First - Out!
0-0: Ball
1-0: Called Strike
1-1: Called Strike
1-2: Foul Ball, location: 2F
1-2: Ball
2-2: Fly out, F9 (Flyball, 89M)
Bottom of the 2nd over - 0 run(s), 1 hit(s), 0 error(s), 0 left on base; Montgomery 2 - Key West 1
TOP OF THE 3RD
Montgomery Biscuits batting - Pitching for Key West Barracudas : LHP Alfredo González
Batting: SHB Andrew Curran 0-0: Called Strike
0-1: Ball
1-1: Ground out 4-3 (Groundball, 4)
Batting: RHB Yujiro Kurihara 0-0: Ball
1-0: Swinging Strike
1-1: Swinging Strike
1-2: Ball
2-2: Fly out, F3 (Popup, 3F)
Batting: SHB Terry O'Farrell 0-0: Called Strike
0-1: Called Strike
0-2: Ball
1-2: Ball
2-2: Ball
3-2: Foul Ball, location: 2F
3-2: Strikes out swinging
Top of the 3rd over - 0 run(s), 0 hit(s), 0 error(s), 0 left on base; Montgomery 2 - Key West 1
BOTTOM OF THE 3RD
Key West Barracudas batting - Pitching for Montgomery Biscuits : RHP César López
Batting: LHB Motoki Hirata 0-0: Ground out 5-3 (Groundball, 5S)
Batting: RHB Victor Baker 0-0: Called Strike
0-1: Called Strike
0-2: Ground out 5-3 (Groundball, 56)
Batting: RHB Zander Tremblett 0-0: Swinging Strike
0-1: Ball
1-1: Ball
2-1: Called Strike
2-2: Ball
3-2: Foul Ball, location: 2F
3-2: Base on Balls
Batting: RHB Kenny Cole 0-0: SINGLE (Groundball, 5D)
Zander Tremblett to second
Batting: LHB Arturo López 0-0: Ball
1-0: Ball
2-0: Called Strike
2-1: Swinging Strike
2-2: Foul Ball, location: 2F
2-2: Strikes out swinging
Bottom of the 3rd over - 0 run(s), 1 hit(s), 0 error(s), 2 left on base; Montgomery 2 - Key West 1
TOP OF THE 4TH
Montgomery Biscuits batting - Pitching for Key West Barracudas : LHP Alfredo González
Batting: RHB Pete Smith 0-0: Called Strike
0-1: Ball
1-1: Ball
2-1: SOLO HOME RUN (Flyball, 7D), Distance : 410 ft
Batting: RHB Dave Dawson 0-0: Ball
1-0: Ball
2-0: Called Strike
2-1: Ball
3-1: Called Strike
3-2: Base on Balls
Batting: LHB José Martínez 0-0: SINGLE (Groundball, 6MD)
Dave Dawson to second
Batting: SHB Tony Echevarría 0-0: Called Strike
0-1: Hit by Pitch
Dave Dawson to third
José Martínez to second
Batting: RHB Peyton Yardley 0-0: Called Strike
0-1: Ball
1-1: Swinging Strike
1-2: Ball
2-2: Fielders Choice at 2nd, 3-6 (Groundball, 3)
Dave Dawson scores
José Martínez to third
Batting: RHB Juan Díaz 0-0: Ball
1-0: Called Strike
1-1: Ball
2-1: Foul Ball, location: 2F
2-2: Ball
3-2: Strikes out swinging
Batting: SHB Andrew Curran 0-0: Called Strike
0-1: Ball
1-1: Ball
Pickoff Throw to First - Error! E1
José Martínez scores
Peyton Yardley to second
2-1: Foul Ball, location: 2F
2-2: Strikes out swinging
Top of the 4th over - 3 run(s), 2 hit(s), 1 error(s), 1 left on base; Montgomery 5 - Key West 1
BOTTOM OF THE 4TH
Key West Barracudas batting - Pitching for Montgomery Biscuits : RHP César López
Batting: RHB Luther Stoffels 0-0: Ball
1-0: SINGLE (Line Drive, 7S)
Batting: LHB Domingo Ledesma 0-0: Called Strike
0-1: Ball
1-1: Ball
2-1: SINGLE (Groundball, 4MD)
Luther Stoffels to second
Runner from 2nd tries for 3rd, SAFE, throw made to third
Domingo Ledesma to second
Batting: RHB Carlos Miranda 0-0: Ball
1-0: Called Strike
1-1: Foul Ball, location: 2F
1-2: Strikes out swinging
Batting: SHB Héctor Jiménez 0-0: Called Strike
0-1: Ball
1-1: Ball
2-1: Foul Ball, location: 2F
2-2: Fly out, F7 (Flyball, 7M)
Runner from 3rd tags up, SCORES, no throw
Batting: LHB Motoki Hirata 0-0: Called Strike
0-1: Fly out, F8 (Flyball, 78M)
Bottom of the 4th over - 1 run(s), 2 hit(s), 0 error(s), 1 left on base; Montgomery 5 - Key West 2
TOP OF THE 5TH
Montgomery Biscuits batting - Pitching for Key West Barracudas : LHP Alfredo González
Batting: RHB Yujiro Kurihara 0-0: Foul Ball, location: 2F
0-1: Foul Ball, location: 2F
0-2: Ball
1-2: Foul Ball, location: 2F
1-2: Fly out, F6 (Popup, 6M)
Batting: SHB Terry O'Farrell 0-0: Ball
1-0: SINGLE (Groundball, 6MD)
Batting: RHB Pete Smith 0-0: Foul Ball, location: 2F
0-1: Ball
Wild Pitch!
Terry O'Farrell to second
1-1: Called Strike
1-2: Ball
2-2: Ball
3-2: Strikes out swinging
Pitching: RHP Sean Harden
Batting: RHB Dave Dawson 0-0: Foul Ball, location: 2F
0-1: Foul Ball, location: 2F
0-2: Strikes out looking
Top of the 5th over - 0 run(s), 1 hit(s), 0 error(s), 1 left on base; Montgomery 5 - Key West 2
BOTTOM OF THE 5TH
Key West Barracudas batting - Pitching for Montgomery Biscuits : RHP César López
Batting: RHB Victor Baker 0-0: Ball
1-0: SINGLE (Groundball, 6M)
Batting: RHB Zander Tremblett 0-0: Ball
1-0: Called Strike
1-1: Ball
2-1: SINGLE (Groundball, 4MD)
Victor Baker to second
Batting: RHB Kenny Cole 0-0: Called Strike
0-1: Foul Ball, location: 2F
0-2: Ball
1-2: DOUBLE (Groundball, 5D)
Victor Baker scores
Zander Tremblett to third
Batting: LHB Arturo López 0-0: Called Strike
0-1: Foul Ball, location: 2F
0-2: Foul Ball, location: 2F
0-2: Ball
1-2: Ball
2-2: Foul Ball, location: 2F
2-2: Ground out 4-3 (Groundball, 4M)
Zander Tremblett scores
Kenny Cole to third
Batting: RHB Luther Stoffels 0-0: Fly out, F8 (Flyball, 8LM)
Runner from 3rd tags up, SCORES, throw made
Batting: LHB Domingo Ledesma 0-0: Ball
1-0: Swinging Strike
1-1: Ball
2-1: Foul Ball, location: 2F
2-2: Ball
3-2: Strikes out looking
Bottom of the 5th over - 3 run(s), 3 hit(s), 0 error(s), 0 left on base; Montgomery 5 - Key West 5
TOP OF THE 6TH
Montgomery Biscuits batting - Pitching for Key West Barracudas : RHP Sean Harden
Batting: LHB José Martínez 0-0: Called Strike
0-1: Ball
1-1: Foul Ball, location: 2F
1-2: Foul Ball, location: 2F
1-2: Ball
2-2: Foul Ball, location: 2F
2-2: Foul Ball, location: 2F
2-2: SOLO HOME RUN (Flyball, 78XD), Distance : 414 ft
Batting: SHB Tony Echevarría 0-0: Called Strike
0-1: Called Strike
0-2: Ball
1-2: Strikes out looking
Batting: RHB Peyton Yardley 0-0: Ball
1-0: Ball
2-0: Ball
3-0: Base on Balls
Batting: RHB Juan Díaz 0-0: Called Strike
0-1: Ball
1-1: Ball
2-1: Ball
3-1: Base on Balls
Peyton Yardley to second
Batting: SHB Andrew Curran 0-0: Called Strike
Peyton Yardley steals 3rd base
Juan Díaz to second
0-1: SINGLE (Line Drive, 89S)
Peyton Yardley scores
Juan Díaz to third
Runner from 3rd tries for Home, throw and OUT!
Andrew Curran to second
Batting: RHB Yujiro Kurihara 0-0: Ball
Wild Pitch!
Andrew Curran to third
1-0: Ball
2-0: Foul Ball, location: 2F
2-1: Ground out 5-3 (Groundball, 56)
Top of the 6th over - 2 run(s), 2 hit(s), 0 error(s), 1 left on base; Montgomery 7 - Key West 5
BOTTOM OF THE 6TH
Key West Barracudas batting - Pitching for Montgomery Biscuits : RHP César López
Batting: RHB Carlos Miranda 0-0: Called Strike
0-1: Ball
1-1: Foul Ball, location: 2F
1-2: Ball
2-2: Foul Ball, location: 2F
2-2: Ground out 6-3 (Groundball, 6S)
Batting: SHB Héctor Jiménez 0-0: Ball
1-0: Swinging Strike
1-1: Ball
2-1: Swinging Strike
2-2: Foul Ball, location: 2F
2-2: Ground out 6-3 (Groundball, 6M)
Batting: LHB Motoki Hirata 0-0: Ball
1-0: SINGLE (Groundball, 34)
Pitching: RHP Rick Grant
Batting: RHB Victor Baker 0-0: Ball
1-0: Ball
2-0: Foul Ball, location: 2F
2-1: Fly out, F8 (Line Drive, 8LM)
Bottom of the 6th over - 0 run(s), 1 hit(s), 0 error(s), 1 left on base; Montgomery 7 - Key West 5
TOP OF THE 7TH
Montgomery Biscuits batting - Pitching for Key West Barracudas : RHP Sean Harden
Batting: SHB Terry O'Farrell 0-0: Ball
1-0: SOLO HOME RUN (Flyball, 8LXD), Distance : 423 ft
Pitching: RHP José García
Batting: RHB Pete Smith 0-0: Called Strike
0-1: Ball
1-1: Swinging Strike
1-2: Strikes out swinging
Batting: RHB Dave Dawson 0-0: Foul Ball, location: 2F
0-1: Ball
1-1: Foul Ball, location: 2F
1-2: SINGLE (Groundball, 4MD)
Batting: LHB José Martínez 0-0: Ball
1-0: Called Strike
1-1: Foul Ball, location: 2F
1-2: SINGLE (Groundball, 56D)
Dave Dawson to second
Batting: SHB Tony Echevarría 0-0: Fielders Choice at 2nd, 6-4 (Groundball, 6M)
Dave Dawson to third
Batting: RHB Peyton Yardley 0-0: Ball
1-0: Fly out, F6 (Popup, 6D)
Top of the 7th over - 1 run(s), 3 hit(s), 0 error(s), 2 left on base; Montgomery 8 - Key West 5
BOTTOM OF THE 7TH
Key West Barracudas batting - Pitching for Montgomery Biscuits : RHP Rick Grant
Batting: RHB Zander Tremblett 0-0: Ball
1-0: Called Strike
1-1: Ball
2-1: SINGLE (Groundball, 6)
Batting: RHB Kenny Cole 0-0: Ball
1-0: Ball
2-0: Ball
Passed Ball!
Zander Tremblett to second
3-0: Base on Balls
Batting: LHB Arturo López 0-0: Called Strike
0-1: Called Strike
0-2: Foul Ball, location: 2F
0-2: Ball
1-2: Foul Ball, location: 2F
1-2: Strikes out swinging
Batting: RHB Luther Stoffels 0-0: Ball
1-0: Swinging Strike
1-1: Fielders Choice at 2nd, 5-4 (Groundball, 5)
Zander Tremblett to third
Batting: LHB Domingo Ledesma 0-0: Ball
1-0: Fly out, F8 (Flyball, 8RM)
Bottom of the 7th over - 0 run(s), 1 hit(s), 0 error(s), 2 left on base; Montgomery 8 - Key West 5
TOP OF THE 8TH
Montgomery Biscuits batting - Pitching for Key West Barracudas : RHP José García
Batting: RHB Juan Díaz 0-0: Fly out, F3 (Line Drive, 3)
Batting: SHB Andrew Curran 0-0: Foul Ball, location: 2F
0-1: Ball
1-1: Ground out 3-1 (Groundball, 34)
Batting: RHB Yujiro Kurihara 0-0: Foul Ball, location: 2F
0-1: Foul Ball, location: 2F
0-2: Ball
1-2: Foul Ball, location: 2F
1-2: Ball
2-2: Foul Ball, location: 2F
2-2: SINGLE (Groundball, 5L)
Batting: SHB Terry O'Farrell 0-0: Called Strike
0-1: Foul Ball, location: 2F
0-2: Strikes out swinging
Top of the 8th over - 0 run(s), 1 hit(s), 0 error(s), 1 left on base; Montgomery 8 - Key West 5
BOTTOM OF THE 8TH
Key West Barracudas batting - Pitching for Montgomery Biscuits : RHP Rick Grant
Batting: RHB Carlos Miranda 0-0: Foul Ball, location: 2F
0-1: Ball
1-1: Foul Ball, location: 2F
1-2: Strikes out swinging
Batting: SHB Héctor Jiménez 0-0: SINGLE (Line Drive, 8LS)
Pitching: LHP Steve Billington
Batting: LHB Motoki Hirata 0-0: Ball
1-0: Fly out, F7 (Flyball, 7LM)
Pitching: RHP Esteban Alfonzo
Batting: RHB Victor Baker 0-0: Called Strike
0-1: Foul Ball, location: 2F
0-2: Strikes out swinging
Bottom of the 8th over - 0 run(s), 1 hit(s), 0 error(s), 1 left on base; Montgomery 8 - Key West 5
TOP OF THE 9TH
Montgomery Biscuits batting - Pitching for Key West Barracudas : RHP José García
Batting: RHB Pete Smith 0-0: Ball
1-0: Called Strike
1-1: Swinging Strike
1-2: Strikes out swinging
Batting: RHB Dave Dawson 0-0: Ball
1-0: Foul Ball, location: 2F
1-1: Called Strike
1-2: Ball
2-2: Ball
3-2: Fly out, F4 (Popup, 4)
Batting: LHB José Martínez 0-0: Foul Ball, location: 2F
0-1: Foul Ball, location: 2F
0-2: Ball
1-2: Ball
2-2: Ball
3-2: Ground out 5-3 (Groundball, 5)
Top of the 9th over - 0 run(s), 0 hit(s), 0 error(s), 0 left on base; Montgomery 8 - Key West 5
BOTTOM OF THE 9TH
Key West Barracudas batting - Pitching for Montgomery Biscuits : RHP Esteban Alfonzo
Pitching: RHP Guillermo Lozano
Now in RF: Warren Martin
Batting: RHB Zander Tremblett 0-0: Ball
1-0: Called Strike
1-1: Fly out, F7 (Flyball, 7D)
Batting: RHB Kenny Cole 0-0: Ball
1-0: Called Strike
1-1: Swinging Strike
1-2: Strikes out swinging
Batting: LHB Arturo López 0-0: Ball
1-0: Foul Ball, location: 2F
1-1: Ball
2-1: Ball
3-1: Foul Ball, location: 2F
3-2: Strikes out swinging
Bottom of the 9th over - 0 run(s), 0 hit(s), 0 error(s), 0 left on base; Montgomery 8 - Key West 5
This league is powered by Out of the Park Baseball, the baseball management simulation game for PC, Mac and Linux
Saturday, April 9th, 2016 - OOTP Baseball 16.8 Build 38